 Dungeon Crawl Stone Soup version 0.26-a0-682-g294304f6e8 (webtiles) character file.

Game seed: 12908362907405114055

(classic levelgen) 20 EnegeticOcto the Digger (level 3, 0/21 HPs)
             Began as a Halfling Earth Elementalist on Oct 21, 2020.
             Slain by a howler monkey skeleton (6 damage)
             ... on level 3 of the Dungeon.
             The game lasted 00:02:05 (444 turns).

EnegeticOcto the Digger (HaEE)                       Turns: 444, Time: 00:02:06

Health: 0/21       AC:  2    Str:  9    XL:     3   Next: 0%
Magic:  0/5        EV: 15    Int: 14    God:
Gold:   13         SH:  0    Dex: 14    Spells: 4/5 levels left

rFire    + . .     SeeInvis .   a - -1 hand axe (curse)
rCold    . . .     Faith    .   (shield restricted)
rNeg     . . .     Spirit   .   c - +0 robe
rPois    .         Reflect  .   (no helmet)
rElec    .         Harm     .   (no cloak)
rCorr    .         Rampage  .   (no gloves)
MR       .....                  (no boots)
Stlth    ++........             (no amulet)
HPRegen  0.07/turn              d - ring of protection from fire
MPRegen  0.09/turn              (no ring)

@: no status effects
A: small, mutation resistance 1
a: no special abilities


You were on level 3 of the Dungeon.
You visited 1 branch of the dungeon, and saw 3 of its levels.

You collected 13 gold pieces.

Inventory:

Hand Weapons
 a - a cursed -1 hand axe (weapon)
 e - a +0 whip of draining
 h - a +4 whip of freezing
Missiles
 b - 49 stones (quivered)
Armour
 c - a +0 robe (worn)
Jewellery
 d - a ring of protection from fire (left hand)


   Skills:
 - Level 2.1 Dodging
 - Level 2.1 Stealth
 - Level 1.5 Spellcasting
   Level 0.5 Transmutations
 + Level 4.0 Earth Magic


You had 4 spell levels left.
You knew the following spells:

 Your Spells              Type           Power        Failure   Level
a - Sandblast             Erth           ##....       4%          1

Your spell library contained the following spells:

 Spells                   Type           Power        Failure   Level
 Passwall                 Tmut/Erth      #.......     16%         2
 Stone Arrow              Conj/Erth      #.....       32%         3
 Petrify                  Tmut/Erth      #.......     69%         4
 Lee's Rapid Deconstruct  Erth           ##........   80%         5


Dungeon Overview and Level Annotations

Branches:
Dungeon (3/15)

Altars:


Innate Abilities, Weirdness & Mutations

You are small and have problems with some larger weapons.
You are somewhat resistant to further mutation.


Message History

You see here a +0 club.
There is a stone staircase leading down here.
You climb downwards.
There is a stone staircase leading up here.
A bat comes into view.
You see here a ring mail.
You hit the bat.
The bat is moderately wounded.
The bat barely misses you. The bat closely misses you.
You closely miss the bat.
The bat is moderately wounded.
The bat barely misses you. The bat closely misses you. The bat misses you.
You hit the bat.
You kill the bat!
No target in view!
(D) Dungeon
Where to? (? - help)
There is a stone staircase leading down here.
You climb downwards.
There is a stone staircase leading up here.
Found 11 stones.
b - 53 stones (gained 11)
Found a glowing whip.
A howler monkey skeleton comes into view.
Found 12 gold pieces, a scroll labeled BUSTRA XERR and a whip. 2 jackals come into view.
The jackal barks!
A jackal comes into view.
Found 11 gold pieces.
You see here a glowing whip.
h - a glowing whip The jackal barks!
A jackal comes into view.
As you read the scroll labeled XISUXK LIOSSAT, it crumbles to dust.
You smell a campfire.
It was a scroll of random uselessness.
As you read the scroll labeled BUSTRA XERR, it crumbles to dust.
It is a scroll of identify.
e - a +0 whip of draining The jackal bites you.
Found a scroll labeled QOABYODGHUX.
Casting: Sandblast (safe; 5% risk of failure)
Confirm with . or Enter, or press ? or * to list all spells.
Aiming: Sandblast (safe; 5% risk of failure)
Press: ? - help, Shift-Dir - straight line, f - jackal
Aim: a jackal You miscast Sandblast.
You are very lightly contaminated with residual magic.
Nothing appears to happen.
Casting: Sandblast (safe; 5% risk of failure)
Confirm with . or Enter, or press ? or * to list all spells.
Aiming: Sandblast (safe; 5% risk of failure)
Press: ? - help, Shift-Dir - straight line, f/p - jackal
Aim: a jackal The blast of sand hits the jackal.
The jackal is lightly wounded.
b - 52 stones The jackal bites you.
The jackal closely misses you.
Casting: Sandblast (safe; 5% risk of failure)
Confirm with . or Enter, or press ? or * to list all spells.
Aiming: Sandblast (safe; 5% risk of failure)
Press: ? - help, Shift-Dir - straight line, f/p - jackal
Aim: a jackal (lightly wounded)
The blast of sand hits the jackal.
The jackal is severely wounded.
b - 51 stones The jackal bites you. x3
The jackal bites you but does no damage.
The jackal misses you.
Casting: Sandblast (safe; 5% risk of failure)
Confirm with . or Enter, or press ? or * to list all spells.
Aiming: Sandblast (safe; 5% risk of failure)
Press: ? - help, Shift-Dir - straight line, f/p - jackal
Aim: a jackal (severely wounded)
The blast of sand hits the jackal!
You kill the jackal!
b - 50 stones Your magical contamination has completely faded away.
The jackal bites you.
You hit the jackal but do no damage.
The jackal bites you but does no damage.
The jackal bites you.
* * * LOW HITPOINT WARNING * * *
You miss the jackal. The jackal closely misses you.
The jackal barely misses you.
Casting: Sandblast (safe; 5% risk of failure)
Confirm with . or Enter, or press ? or * to list all spells.
Aiming: Sandblast (safe; 5% risk of failure)
Press: ? - help, Shift-Dir - straight line, f - jackal
Aim: a jackal The blast of sand hits the jackal.
You kill the jackal!
Your Earth Magic skill increases to level 4!
You have reached level 3!
Your experience leads to an increase in your attributes!
Increase (s)trength, (i)ntelligence, or (d)exterity?
You feel clever.
b - 49 stones The howler monkey skeleton hits you.
You die...

# ##. ...##########
####.........# #####
.............# #...#
###......Z@.###...#
###..#####......#
##.###....##...#
#..##..#####...# ######
#.###..# ###.## #.....#
#.##...# #..#
.......##.#....## #<.#
......$.........# #...##
.......†#.#..........###


You could see a howler monkey skeleton.

Vanquished Creatures
  4 bats
  2 giant cockroaches
  2 goblins
  2 hobgoblins
  2 jackals (D:3)
  A frilled lizard (D:2)
  4 kobolds
  3 rats
20 creatures vanquished.

Notes
Turn   | Place    | Note
-------+----------+-------------------------------------------
     0 | D:1      | EnegeticOcto the Halfling Earth Elementalist began the
                  | quest for the Orb.
     0 | D:1      | Reached XP level 1. HP: 11/11 MP: 3/3
   197 | D:1      | Reached XP level 2. HP: 17/17 MP: 0/4
   437 | D:3      | Reached skill level 4 in Earth Magic
   437 | D:3      | Reached XP level 3. HP: 5/21 MP: 0/5
   444 | D:3      | Slain by a howler monkey skeleton

Illustrated notes

Levels and vault maps discovered:
D:1:      heliophobic_arrival_battle_scene, layout_basic
D:2:      layout_basic, uniq_terence
D:3:      layout_rooms, lemuel_coloured_pillars_altar

Skill      XL: |  1  2 |
---------------+-------+-----
Earth Magic    | 4 |  4.0
Dodging        | |  2.1
Stealth        | |  2.1
Spellcasting   | |  1.5
Transmutations | |  0.5

Action                   || total
-------------------------++-------
Melee: Hand axe          ||    41
 Cast: Sandblast         ||    15
  Use: Scroll            ||     2
Armor: Robe              ||    11
Dodge: Dodged            ||    62

Table legend: (Time is in decaauts)
 A = Elapsed time spent in this place.
 B = Non-inter-level travel time spent in this place.
 C = Inter-level travel time spent in this place.
 D = Time resting spent in this place.
 E = Time spent auto-exploring this place.
 F = Levels seen in this place.
 G = Mean time per level.
                   A        B        C        D        E       F      G
               +--------+--------+--------+--------+--------+-----+--------+
         Total |    455 |    444 |     11 |      0 |      0 |   3 |  151.7 |
       Dungeon |    455 |    444 |     11 |      0 |      0 |   3 |  151.7 |
               +--------+--------+--------+--------+--------+-----+--------+

Top non-repeatable levels by time:
     D:1: 332 daAuts
     D:2: 74 daAuts
     D:3: 49 daAuts
